 Dungeon Crawl Stone Soup version 0.19.1-1-g22dce08 (webtiles) character file.

263 Kiturien the Sneak (level 6, -5/41 HPs)
             Began as an Octopode Transmuter on Jan 13, 2017.
             Slain by Lahna's ghost (13 damage)
             ... on level 3 of the Dungeon.
             The game lasted 00:14:41 (2571 turns).

Kiturien the Sneak (Octopode Transmuter)            Turns: 2571, Time: 00:14:48

Health: -5/41      AC:  1    Str: 11    XL:     6   Next: 19%
Magic:  9/9        EV: 14    Int: 15    God:
Gold:   140        SH:  0    Dex: 13    Spells: 1 memorised, 9 levels left

rFire  . . .     SeeInvis .     i - +0 dagger
rCold  . . .     Gourm    .     (no shield)
rNeg   . . .     Faith    .     (helmet restricted)
rPois  .         Spirit   .     (no amulet)
rElec  .         Reflect  .     g - ring of flight
rCorr  .         Harm     .     r - ring of stealth
MR     .....                    s - +1 ring of slaying
Stlth  +++++.....               (no ring)
                                (no ring)
                                (no ring)
                                (no ring)
                                (no ring)

@: appendage (expiring)
A: almost no armour, stealthy swim, amphibious, 8 rings, constrict 8, tentacle
spike 3, camouflage 1, gelatinous body 1
a: End Transformation, Evoke Flight


You were on level 3 of the Dungeon.
You were not hungry.
One of your tentacles had a temporary spike.
You visited 1 branch of the dungeon, and saw 3 of its levels.

You collected 140 gold pieces.

Inventory:

Hand Weapons
 i - a +0 dagger (weapon)
Missiles
 a - 56 arrows
Jewellery
 g - a ring of flight (left tentacle)
 r - a ring of stealth (right tentacle)
 s - a +1 ring of slaying (on tentacle)
Scrolls
 f - 2 scrolls of identify {unknown}
 h - 2 scrolls of recharging {unknown}
 j - a scroll of teleportation {unknown}
 l - a scroll of magic mapping {unknown}
 p - a scroll of remove curse {unknown}
 q - a scroll of noise {unknown}
 t - a scroll of amnesia {unknown}
Potions
 d - 2 potions of might {unknown}
 e - 3 potions of flight {unknown}
 k - 2 potions of degeneration {unknown}
 m - 2 potions of cure mutation {unknown}
 n - 2 potions of curing {unknown}
 o - 2 potions of brilliance {unknown}
Books
 b - a book of Changes

   Spells                             Type                      Level
   a - Beastly Appendage              Transmutation                1
   b - Sticks to Snakes               Transmutation                2
   c - Spider Form                    Transmutation/Poison         3
   d - Ice Form                       Ice/Transmutation            4
   e - Blade Hands                    Transmutation                5
Comestibles
 c - 2 bread rations
 u - a meat ration


   Skills:
 * Level 2.8 Fighting
 * Level 1.7 Short Blades
 + Level 2.5 Dodging
 + Level 4.2 Stealth
 + Level 3.8 Unarmed Combat
 + Level 2.5 Spellcasting
 + Level 2.4 Transmutations


You had 9 spell levels left.
You knew the following spells:

 Your Spells              Type           Power        Failure   Level  Hunger
a - Beastly Appendage     Tmut           #.....       10%         1    #......


Dungeon Overview and Level Annotations

Branches:
Dungeon (3/15)

Altars:
Qazlal

Annotations:
D:3 Lahna's ghost, weakling TrBe


Innate Abilities, Weirdness & Mutations

You cannot wear most types of armour.
You are very stealthy in the water. (Stealth+)
You are amphibious.
You can wear up to eight rings at the same time.
You can use your tentacles to constrict eight enemies at once.
Your skin changes colour to match your surroundings (Stealth+).
Your rubbery body absorbs attacks. (AC +1, EV +1)
One of your tentacles bears a large vicious spike.


Message History

Lahna's ghost is severely damaged.
Lahna's ghost hits you!
You completely miss Lahna's ghost.
Lahna's ghost is severely damaged.
Lahna's ghost hits you!
* * * LOW HITPOINT WARNING * * *
You hit Lahna's ghost but do no damage. You squeeze Lahna's ghost!
Lahna's ghost is almost destroyed.
Lahna's ghost hits you.
* * * LOW HITPOINT WARNING * * *
You hit Lahna's ghost but do no damage. You squeeze Lahna's ghost.
Lahna's ghost is almost destroyed.
Lahna's ghost completely misses you.
You barely miss Lahna's ghost.
Your tentacle spike misses Lahna's ghost.
You squeeze Lahna's ghost, but do no damage.
Lahna's ghost is almost destroyed.
Lahna's ghost ripples.
Lahna's ghost hits you!
You die...

.. #####.........# #.....# ..
#.............# #.....### . ..
#.......).....# #....... ..##.
#........†....# #.....# $...#
#........###.####.....# .. ...
#........#§...§##.....###
#...#†###........#.....##........
#........[....W..._...>......##
#...##.#####.###@#.....#...†...#
.. #.# #.# #.#....W#.......# #..
#.# #.###.###.......# ... #.#
#.....# #.......#. ##.. #.#
####### #...<..... #. #.#
...........#. .# #.#
...........#. #.# ...........#
#.. ...........#


You could see Lahna's ghost.

Vanquished Creatures
  Sigmund (D:2)
  2 adders
  An ooze (D:2)
  A worm (D:3)
  A dart slug (D:2)
  3 leopard geckos
  8 bats
  A giant cockroach (D:2)
  5 goblins
  7 hobgoblins
  8 jackals
  2 quokkas (D:2)
  5 frilled lizards
  12 kobolds
  24 rats
81 creatures vanquished.

Notes
Turn   | Place    | Note
-------+----------+-------------------------------------------
     0 | D:1      | Kiturien the Octopode Transmuter began the quest for the Orb.
     0 | D:1      | Reached XP level 1. HP: 13/13 MP: 3/3
   328 | D:1      | Reached skill level 1 in Stealth
   328 | D:1      | Reached XP level 2. HP: 18/18 MP: 3/5
   652 | D:1      | Reached skill level 2 in Stealth
   780 | D:1      | Reached XP level 3. HP: 14/24 MP: 4/6
  1046 | D:2      | Noticed Sigmund
  1060 | D:2      | Killed Sigmund
  1060 | D:2      | Reached skill level 1 in Short Blades
  1060 | D:2      | Reached skill level 3 in Stealth
  1060 | D:2      | Reached XP level 4. HP: 15/30 MP: 7/7
  1060 | D:2      | Reached XP level 5. HP: 18/36 MP: 8/8
  1715 | D:2      | Reached skill level 4 in Stealth
  1715 | D:2      | Reached XP level 6. HP: 32/41 MP: 7/9
  2378 | D:3      | Found a stormy altar of Qazlal.
  2458 | D:3      | Noticed Lahna's ghost (weakling TrBe)
  2571 | D:3      | Slain by Lahna's ghost

Skill      XL: |  1  2  3  4  5 |
---------------+----------------+-----
Stealth        | 1 2 3 4 |  4.2
Fighting       | 2 |  2.8
Short Blades   | 1 |  1.7
Dodging        | |  2.5
Unarmed Combat | |  3.8
Spellcasting   | |  2.5
Transmutations | |  2.4

Action                   |  1- 3 |  4- 6 || total
-------------------------+-------+-------++-------
Melee: Unarmed           |    41 |       ||    41
       Constrict         |    21 |    28 ||    49
       Tentacles         |    12 |    15 ||    27
       Punch             |     2 |     5 ||     7
       Kick              |    10 |    11 ||    21
       Dagger            |    29 |   118 ||   147
 Cast: Beastly Appendage |    10 |    13 ||    23
 Stab: Sleeping          |     9 |     3 ||    12
  Eat: Meat ration       |       |     1 ||     1
       Bread ration      |       |     1 ||     1
Armor: Skin              |     7 |     6 ||    13
Dodge: Dodged            |    49 |    97 ||   146
